 Dungeon Crawl Stone Soup version 0.17.0-26-gececa24 (webtiles) character file.

18 4thArraOfDagon the Gusty (level 2, -1/11 HPs)
             Began as a Felid Air Elementalist on Nov 19, 2015.
             Slain by a hound (3 damage)
             ... on level 4 of the Dungeon.
             The game lasted 00:01:44 (327 turns).

4thArraOfDagon the Gusty (Felid Air Elementalist)    Turns: 327, Time: 00:01:44

Health: -1/11      AC:  1    Str:  4    XL:     2   Next: 48%
Magic:  4/6        EV: 24    Int: 18    God:
Gold:   39         SH:  0    Dex: 23    Spells: 1 memorised, 4 levels left
                                        Lives:  0   Deaths: 0

rFire  . . .     SeeInvis +     (weapon unavailable)
rCold  . . .     Clarity  .     (armour unavailable)
rNeg   . . .     SustAt   .     (shield unavailable)
rPois  .         Gourm    .     (helmet unavailable)
rElec  .         Spirit   .     (cloak unavailable)
rCorr  .         Warding  .     (gloves unavailable)
rMut   .         Stasis   .     (boots unavailable)
MR     .....                    (no amulet)
Stlth  ++++......               (no ring)
                                (no ring)

@: agile, lethally poisoned (-1 -> -26), quick, not resistant to hostile
enchantments, stealthy
A: no armour, no weapons or thrown items, claws 1, fangs 3, see invisible, agile
1, carnivore 3, clever 1, speed 1, shaggy fur 1, slow metabolism 1, sharp paws
a: no special abilities


You were on level 4 of the Dungeon.
You were very full.

You visited 1 branch of the dungeon, and saw 4 of its levels.

You collected 39 gold pieces.

Inventory:

Scrolls
 c - a scroll of noise {unknown}
 e - a scroll of teleportation {unknown}
Potions
 f - a potion of agility
 g - a potion of poison
Books
 a - a book of Air

   Spells                             Type                      Level
   a - Shock                          Conjuration/Air              1
   b - Swiftness                      Charms/Air                   2
   c - Repel Missiles                 Charms/Air                   2
   d - Static Discharge               Conjuration/Air              3
   e - Lightning Bolt                 Conjuration/Air              5
Comestibles
 b - a meat ration


   Skills:
 - Level 2.6 Dodging
 - Level 2.6 Stealth
 - Level 2.0 Spellcasting
 * Level 1.8 Conjurations
 * Level 3.0 Air Magic


You had 4 spell levels left.
You knew the following spells:

 Your Spells              Type           Power        Failure   Level  Hunger
a - Shock                 Conj/Air       ##..         10%         1    #......


Dungeon Overview and Level Annotations

Branches:
Dungeon (4/15)
 Temple: D:4-7

Altars:
Vehumet

Annotations:
D:3 Ijyb


Innate Abilities, Weirdness & Mutations

You cannot wear armour.
You are incapable of wielding weapons or throwing items.
You have sharp claws.
You have razor-sharp teeth.
You have supernaturally acute eyesight.
You are carnivorous and can eat meat at any time.
You cover ground quickly.
You are covered in fur (AC +1).
You have a slow metabolism.
Your sharp claws are effective at attacking unaware monsters.
You are agile. (Dex +2)
Your mind is acute. (Int +2)


Message History

You feel fantastic! The hound closely misses you.
Unknown command.
Drink which item? (? for menu, Esc to quit)
It was a potion of agility.
You feel agile all of a sudden. The hound barely misses you.
The hound misses you.
Unknown command.
Drink which item? (? for menu, Esc to quit)
It was a potion of poison.
That liquid tasted very nasty...
You are lethally poisoned!
* * * LOW HITPOINT WARNING * * *
You feel sick. The hound misses you.
Unknown command.
Drink which item? (? for menu, Esc to quit)
You feel clever.
You feel fantastic!
* * * LOW HITPOINT WARNING * * *
You feel sick. The hound bites you.
You die...

#### ####
#..###....#
########...h......
+.........@#......
#..........# .....
#####'##..## ####
#....##..##
#.........#
#.........#
#...<###+## #..†.#
#.....


You could see a hound.

Vanquished Creatures
  An adder (D:3)
  A giant cockroach (D:1)
  3 goblins
  A kobold (D:4)
  2 bats
  A rat (D:1)
9 creatures vanquished.

Notes
Turn   | Place    | Note
--------------------------------------------------------------
     0 | D:1      | 4thArraOfDagon the Felid Air Elementalist began the quest for the Orb.
     0 | D:1      | Reached XP level 1. HP: 7/7 MP: 4/4
    23 | D:1      | Reached skill level 1 in Conjurations
   275 | D:3      | Reached skill level 3 in Air Magic
   275 | D:3      | Reached XP level 2. HP: 11/11 MP: 0/6
   285 | D:3      | Found a radiant altar of Vehumet.
   297 | D:3      | Noticed Ijyb
   324 | D:4      | Gained mutation: You are agile. (Dex +2) [potion of beneficial mutation]
   327 | D:4      | Gained mutation: Your mind is acute. (Int +2) [potion of beneficial mutation]
   327 | D:4      | Slain by a hound

Action                   || total
-------------------------++-------
Melee: Unarmed           ||    15
 Cast: Shock             ||     6
  Use: Potion            ||     4
 Stab: Sleeping          ||     4
  Eat: Chunk             ||     5
